 Dungeon Crawl Stone Soup version 0.30.0-5-g1a98f26d00 (webtiles) character file.

Game seed: 7574181686977302096

28 Exaltedone87 the Slasher (level 2, 0/23 HPs)
             Began as a Demonspawn Gladiator on May 8, 2023.
             Slain by an orc
             ... wielding a +2 vampiric hand axe
              (1 damage)
             ... on level 2 of the Dungeon.
             The game lasted 00:01:43 (840 turns).

Exaltedone87 the Slasher (Demonspawn Gladiator)      Turns: 840, Time: 00:01:44

Health: 0/23       AC:  4    Str: 14    XL:     2   Next: 96%
Magic:  2/2        EV: 12    Int:  9    God:
Gold:   50         SH:  0    Dex: 14    Spells: 1/1 levels left

rFire   . . .        a - +1 long sword
rCold   . . .        (no shield)
rNeg    . . .        b - +0 leather armour
rPois   .            c - +0 helmet
rElec   .            (no cloak)
rCorr   .            (no gloves)
SInv    .            (no boots)
Will    .....        (no amulet)
Stlth   +            (no ring)
HPRegen 0.23/turn    (no ring)
MPRegen 0.08/turn

%: no passive effects
@: mighty, weak-willed
A: claws 1
a: no special abilities


You were on level 2 of the Dungeon.
You visited 1 branch of the dungeon, and saw 2 of its levels.

You collected 50 gold pieces.

Inventory:

Hand Weapons
 a - a +1 long sword (weapon)
Missiles
 d - 3 throwing nets (quivered)
 e - a javelin
Armour
 b - a +0 leather armour (worn)
 c - a +0 helmet (worn)
Scrolls
 h - 2 scrolls of noise
Potions
 l - a potion of mutation
 m - a potion of might


   Skills:
 + Level 2.3 Fighting
 * Level 3.1 Long Blades
 - Level 1.7 Throwing
 + Level 0.8 Armour
 + Level 2.9 Dodging


You had one spell level left.
You didn't know any spells.
Your spell library contained the following spells:

 Spells                   Type           Power      Damage    Failure   Level
 Dazzling Flash           Conj/Hex       0%         N/A       83%         3
 Agony                    Necr           0%         N/A       100%        5
 Silence                  Hex/Air        0%         N/A       100%        5


Dungeon Overview and Level Annotations

Branches:
Dungeon (2/15)

Altars:

Shops:
D:1 [


Innate Abilities, Weirdness & Mutations

You have sharp fingernails.


Message History

An orc is wielding a +2 vampiric hand axe.
Found 14 gold pieces.
The orc shouts! x3; The orc wizard shouts!
The orc wizard hits you with a +0 dagger.
You closely miss the orc wizard. The orc wizard misses you.
The orc priest shouts!
The frilled lizard hisses angrily.
You hit the orc wizard.
The orc wizard is lightly wounded.
The orc wizard hits you with a +0 dagger.
The orc hits you with a +2 vampiric hand axe!
The orc hits you but does no damage.
Unknown command.
As you read the scroll labelled SOUDUW IFEG, it crumbles to dust.
Magic quickly surges around you.
It was a scroll of vulnerability.
The ball python hisses angrily.
The orc hits you but does no damage.
The orc wizard hits you but does no damage.
The orc closely misses you. x2
As you read the scroll labelled BUEWKO PIWEM, it crumbles to dust.
It is a scroll of enchant weapon.
Your +0 long sword glows red for a moment.
The orc hits you with a +0 mace.
The orc wizard hits you with a +0 dagger.
The orc closely misses you. The orc hits you but does no damage.
It was a potion of might.
You feel very mighty all of a sudden. The orc barely misses you.
The orc wizard closely misses you. The orc barely misses you.
The orc closely misses you.
Unknown command.
You barely miss the orc. The orc hits you but does no damage.
The orc priest hits you but does no damage.
The orc wizard hits you with a +0 dagger.
The orc hits you with a +2 vampiric hand axe.
* * * LOW HITPOINT WARNING * * *
The orc barely misses you. The orc closely misses you.
The orc wizard misses you. The orc priest misses you.
The orc hits you with a +0 club.
* * * LOW HITPOINT WARNING * * *
The orc hits you with a +2 vampiric hand axe.
You die...

*,* *,,,,,,,,,,,*,*
*,,,,,,,* *,*
*,#.......#,*,********,,*
*,* *,#.......#,,,,* *,,,
*,* *,#.......#,*,,* *,,,
*>* *,#.......#,*,,* *,,,
*,* *,#.......#,,,,* *,,,
*,*** *,#.......#,**,*
*****,,, *,,,*
*,#....ooo#,**,***,,,,,,,
***,**
*,*#...o@#*,,,,,,,,,,,,,,
**,,,**
*,*##$⌠o##*,,,,***,,,,,,,
*,,*,,* *,,*####**,,**,*
***,*,,, *,***,*
**,,...,,,,,,,,* *,*,,,
*,,*,,* **###,,,,**,*,*
*,*,,, **,,,**
****,**,*,* *,*,,, **,**
*,,,,,,* *,**,* *,*
******** ****,*** *,,,,,
*,* *,,,,,,*******,*
****,*


You could see an orc priest (weak-willed), an orc wizard (weak-willed) and 3
orcs.

Vanquished Creatures
  A dart slug (D:1)
  2 endoplasms (D:1)
  A giant cockroach (D:1)
  4 goblins (D:1)
  5 hobgoblins
  A quokka (D:1)
  3 ball pythons (D:1)
  2 bats (D:1)
  A frilled lizard (D:1)
  2 rats (D:1)
22 creatures vanquished.

Notes
Turn   | Place    | Note
-------+----------+-------------------------------------------
     0 | D:1      | Exaltedone87 the Demonspawn Gladiator began the quest for
                  | the Orb.
     0 | D:1      | Reached XP level 1. HP: 16/16 MP: 1/1
   134 | D:1      | Gained mutation: You have sharp fingernails. [demonic
                  | ancestry]
   134 | D:1      | Reached XP level 2. HP: 19/22 MP: 2/2
   171 | D:1      | Reached skill level 3 in Long Blades
   537 | D:1      | Found Keoqudos's Armour Shop.
   840 | D:2      | HP: 1/23 [orc/+0 club (2)]
   840 | D:2      | Slain by an orc

Illustrated notes

Levels and vault maps discovered:
D:1:      wheals_arrival_linesprint, layout_basic, serial_shops,
          nicolae_shop_stone
D:2:      cheibrodos_pilgrimage, layout_loops_cross,
          ebering_ecumenical_altar_abandoned, minmay_goblin_kobold_house

Skill      XL: |  1  2 |
---------------+-------+-----
Long Blades    | 3 |  3.1
Fighting       | |  2.3
Throwing       | |  1.7
Armour         | |  0.8
Dodging        | |  2.9

Action                     || total
---------------------------++-------
  Melee: Long sword        ||    61
    Use: Scroll            ||     7
         Potion            ||     1
 Armour: Leather armour    ||    28
  Dodge: Dodged            ||    74
